cohdb
Replays
Latest Replays
All Replays
Popular Replays
Top Player Replays
Match Explorer
How It Works
Community
CoH3 Stats
Reddit
Sign in to upload your games and track your stats! →
Sign in with Steam
Match 46510512
Unlisted
Match 46510512
Overview
Messages
Build Orders
End
Kradschützen Motorcycle Team
Panzerpioneer Squad
250 Light Carrier
Construct Light Support Kompanie
Combat Half-tracks
Assault Grenadier Squad
Construct Mechanized Kompanie
Selects Armored Support Battlegroup
Selects Superior Fire Drills
Vehicle Survival Package
Panzerjäger Mechanized Group
Veteran Squad Leaders
8 Rad Armored Car
Assault Grenadier Squad
Construct Panzerarmee Kommand
mikec_81
Dark Lord Cthulhu
0
0
Comments
sign in to comment!
No comments posted yet!